 Dungeon Crawl Stone Soup version 0.19-a0-1608-g4cf22de (webtiles) character file.

3158 Alarkh the Carver (level 9, 0/59 HPs)
             Began as a Mummy Necromancer on Sept 17, 2016.
             Was a Follower of Okawaru.
             Slain by a centaur (8 damage)
             ... on level 12 of the Dungeon.
             The game lasted 00:11:51 (7450 turns).

Alarkh the Carver (Mummy Necromancer)               Turns: 7450, Time: 00:11:51

Health: 0/59       AC:  7    Str: 12    XL:     9   Next: 62%
Magic:  1/18       EV: 12    Int: 17    God:    Okawaru [*.....]
Gold:   529        SH:  0    Dex: 12    Spells: 3 memorised, 12 levels left

rFire  x . .     SeeInvis +     z - +0 falchion
rCold  + . .     Gourm    .     a - +0 robe
rNeg   + + +     Faith    .     (no shield)
rPois  ∞         Spirit   .     u - +1 helmet
rElec  .         Dismiss  .     j - +0 cloak
rCorr  .         Reflect  .     w - +0 pair of gloves
MR     +....     Harm     .     B - +0 pair of boots
Stlth  ++........               (no amulet)
                                D - ring of wizardry
                                c - ring of see invisible

@: very slightly contaminated
A: no food or potions, fire vulnerability, cold resistance 1, negative energy
resistance 3, torment resistance, unbreathing
a: Heroism, Renounce Religion


You were on level 12 of the Dungeon.
You worshipped Okawaru.
Okawaru was aware of your devotion.
You were not hungry.

You visited 2 branches of the dungeon, and saw 13 of its levels.

You collected 529 gold pieces.

Inventory:

Hand Weapons
 n - a +0 short sword
 q - a +0 mace
 z - a +0 falchion (weapon)
Armour
 a - a +0 robe (worn)
 h - a +2 hat
 j - a +0 cloak (worn)
 r - a +0 helmet
 u - a +1 helmet (worn)
 w - a +0 pair of gloves (worn)
 B - a +0 pair of boots (worn)
Jewellery
 c - a ring of see invisible (left hand)
 y - an uncursed ring of resist corrosion
 D - a ring of wizardry (right hand)
Wands
 x - a wand of lightning (1/15)
Scrolls
 d - 3 scrolls of teleportation
 e - a scroll of identify
 f - a scroll of random uselessness
 g - 2 scrolls of amnesia
 i - 2 scrolls of remove curse
 k - 2 scrolls of recharging {unknown}
 l - a scroll of blinking
 m - 2 scrolls of noise {unknown}
 o - a scroll of fear {unknown}
 p - a scroll of magic mapping {unknown}
 s - a scroll of enchant weapon {unknown}
 t - 4 scrolls of immolation {unknown}
 v - a scroll of fog {unknown}
 A - 4 scrolls of enchant armour {unknown}
Books
 b - a book of Necromancy

   Spells                             Type                      Level
   a - Pain                           Necromancy                   1
   b - Animate Skeleton               Necromancy                   1
   c - Vampiric Draining              Necromancy                   3
   d - Regeneration                   Charms/Necromancy            3
   e - Animate Dead                   Necromancy                   4
   f - Control Undead                 Necromancy                   4
 C - a book of Changes

   Spells                             Type                      Level
   a - Beastly Appendage              Transmutation                1
   b - Sticks to Snakes               Transmutation                2
   c - Spider Form                    Transmutation/Poison         3
   d - Ice Form                       Ice/Transmutation            4
   e - Blade Hands                    Transmutation                5
 E - a book of Frost

   Spells                             Type                      Level
   a - Freeze                         Ice                          1
   b - Throw Frost                    Conjuration/Ice              2
   c - Ozocubu's Armour               Charms/Ice                   3
   d - Throw Icicle                   Conjuration/Ice              4
   e - Summon Ice Beast               Ice/Summoning                4


   Skills:
 - Level 1.3 Fighting
 + Level 8.6 Long Blades
 - Level 1.0 Armour
 - Level 2.0 Dodging
 - Level 1.5 Stealth
 - Level 6.0 Spellcasting
 - Level 7.0 Necromancy


You had 12 spell levels left.
You knew the following spells:

 Your Spells              Type           Power        Failure   Level  Hunger
a - Pain                  Necr           ####         1%          1    N/A
b - Vampiric Draining     Necr           ####......   1%          3    N/A
c - Control Undead        Necr           ####......   4%          4    N/A

Dungeon Overview and Level Annotations

Branches:
Dungeon (13/15)            Temple (1/1) D:6
   Lair: D:8-11         Orc: D:9-12      Vaults: D:13-14

Altars:
Ashenzari
Cheibriados
Dithmenos
Elyvilon
Fedhas
Gozag
Hepliaklqana
Kikubaaqudgha
Makhleb
Nemelex Xobeh
Okawaru
Qazlal
Ru
Trog
Uskayaw
Vehumet
Xom
Yredelemnul
Zin
The Shining One
Beogh

Annotations:
D:7 jacquesderrida's ghost, novice VSSk


Innate Abilities, Weirdness & Mutations

You do not eat or drink.
Your flesh is vulnerable to fire.
You are immune to poison.
Your flesh is cold resistant. (rC+)
You are immune to negative energy. (rN+++)
You are immune to unholy pain and torment.
You can survive without breathing.


Message History

You hit the centaur.
The centaur is lightly wounded.
The centaur hits you but does no damage.
You hit the centaur.
The centaur is heavily wounded.
The centaur closely misses you.
You riposte.
You barely miss the centaur.
The centaur is heavily wounded.
The centaur hits you but does no damage.
You barely miss the centaur.
The centaur is heavily wounded.
The centaur hits you.
* * * LOW HITPOINT WARNING * * *
You barely miss the centaur.
The centaur is heavily wounded.
The centaur hits you.
* * * LOW HITPOINT WARNING * * *
You hit the centaur but do no damage.
The centaur is heavily wounded.
The centaur hits you!
You die...

#########
#......>#
#.....c.#
#...()@.#
#...##(.#
#.## #..#
.. #..#
.c. #..#
c. #..# c
#..# ####


You could see a centaur.

Vanquished Creatures
  A centaur warrior (D:13)
  A hippogriff (D:8)
  Prince Ribbit (D:7)
  Eustachio (D:5)
  Menkaure (D:5)
  2 ogres
  An ice beast (D:5)
  4 centaurs
  A scorpion (D:4)
  4 howler monkeys
  3 crimson imps
  5 hounds
  4 orc priests
  A bullfrog skeleton (D:5)
  A centaur skeleton (D:7)
  4 orc wizards
  Natasha (thrice) (D:4)
  2 iguanas
  5 worker ants
  A killer bee zombie (D:9)
  A mummy (D:8)
  2 worker ant zombies
  Robin (D:4)
  A gnoll (D:1)
  7 adders
  A river rat (D:6)
  3 shadow imps
  An ooze (D:5)
  2 adder skeletons
  An adder zombie (D:7)
  3 worms
  6 dart slugs
  2 leopard geckos
  26 orcs
  9 giant cockroaches
  15 goblins
  12 hobgoblins
  4 kobolds
  6 quokkas
  6 bats
  5 frilled lizards
  2 giant cockroach zombies
  2 jackal skeletons
  7 rats
171 creatures vanquished.

Notes
Turn   | Place    | Note
-------+----------+-------------------------------------------
     0 | D:1      | Alarkh the Mummy Necromancer began the quest for the Orb.
     0 | D:1      | Reached XP level 1. HP: 13/13 MP: 3/3
   189 | D:1      | Reached XP level 2. HP: 19/19 MP: 1/5
   544 | D:1      | Reached XP level 3. HP: 16/24 MP: 0/7
  1430 | D:3      | Reached XP level 4. HP: 28/30 MP: 3/9
  1446 | D:3      | Learned a level 3 spell: Vampiric Draining
  1451 | D:3      | Learned a level 4 spell: Control Undead
  1539 | D:3      | Found a roughly hewn altar of Beogh.
  1552 | D:3      | Reached skill level 5 in Necromancy
  1705 | D:3      | Reached XP level 5. HP: 32/35 MP: 3/10
  2203 | D:4      | Noticed Natasha
  2211 | D:4      | Killed Natasha
  2540 | D:4      | Reached XP level 6. HP: 41/41 MP: 6/12
  2599 | D:4      | Noticed Robin
  2609 | D:4      | Killed Robin
  2851 | D:4      | Noticed Natasha
  2853 | D:4      | Killed Natasha
  3129 | D:4      | Noticed Natasha
  3134 | D:4      | Killed Natasha
  3134 | D:4      | Reached skill level 5 in Spellcasting
  3149 | D:5      | Entered Level 5 of the Dungeon
  3285 | D:5      | Reached XP level 7. HP: 4/46 MP: 1/15
  3866 | D:5      | Found a shimmering altar of Xom.
  4055 | D:5      | Noticed Eustachio
  4200 | D:5      | Killed Eustachio
  4200 | D:5      | Reached skill level 1 in Fighting
  4200 | D:5      | Reached skill level 1 in Armour
  4479 | D:5      | Noticed Menkaure
  4490 | D:5      | Killed Menkaure
  4490 | D:5      | Reached skill level 1 in Long Blades
  4490 | D:5      | Reached XP level 8. HP: 44/54 MP: 1/17
  4749 | D:6      | Reached skill level 2 in Long Blades
  4975 | D:6      | Reached skill level 3 in Long Blades
  5204 | D:6      | Reached skill level 4 in Long Blades
  5251 | D:6      | Found a staircase to the Ecumenical Temple.
  5257 | Temple   | Entered the Ecumenical Temple
  5393 | Temple   | Became a worshipper of Warmaster Okawaru
  5638 | D:6      | Reached skill level 5 in Long Blades
  5756 | D:7      | Noticed Prince Ribbit
  5837 | D:7      | Killed Prince Ribbit
  5887 | D:7      | Reached skill level 6 in Long Blades
  5950 | D:7      | Reached XP level 9. HP: 53/59 MP: 14/18
  6001 | D:7      | Noticed jacquesderrida's ghost (novice VSSk)
  6203 | D:8      | Found a snail-covered altar of Cheibriados.
  6302 | D:8      | Reached * piety under Okawaru
  6302 | D:8      | Reached skill level 7 in Long Blades
  6421 | D:8      | You fall through a shaft for 2 floors!
  6421 | D:10     | Entered Level 10 of the Dungeon
  6663 | D:9      | You fall through a shaft for 3 floors!
  6684 | D:13     | Noticed a centaur warrior
  7207 | D:13     | Killed a centaur warrior
  7207 | D:13     | Reached skill level 8 in Long Blades
  7211 | D:13     | Noticed a troll
  7415 | D:13     | Noticed a freezing wraith
  7450 | D:12     | Slain by a centaur

Vault maps used:
D:1:      onia_arrival_mini_spirals, nrook_loot_triangle
D:2:      minmay_misc_feat_tiny
D:3:      hangedman_decor_growths, kennysheep_orc_chapel
D:4:      first_bread, uniq_robin, uniq_natasha
D:5:      kennysheep_mini_moat, uniq_menkaure, uniq_eustachio
D:6:      gup_sewer_entry_bubbles
D:7:      uniq_prince_ribbit1
D:8:      slow_altar_1, nicolae_overflow_crystal_walls, minmay_lair_entry_lava,
          nicolae_gozag_seed_capital
D:9:      serial_shops, nicolae_shop_temple_entry_statues_fountains
D:10:     hangedman_little_slice_of_home, minivault_8
Temple:   regret_index_temple_mists

Skill      XL: |  1  2  3  4  5  6  7  8  9 |
---------------+----------------------------+-----
Spellcasting   | 3 4 5 6 |  6.0
Necromancy     | 5 6 7 |  7.0
Fighting       | 1 |  1.3
Armour         | 1 |  1.0
Dodging        | 2 |  2.0
Long Blades    | 1 6 8 |  8.6
Stealth        | |  1.5

Action                   |  1- 3 |  4- 6 |  7- 9 || total
-------------------------+-------+-------+-------++-------
Melee: Unarmed           |    19 |       |       ||    19
       Short sword       |     4 |     6 |       ||    10
       Mace              |       |    45 |    31 ||    76
       Falchion          |       |       |   218 ||   218
 Cast: Pain              |    90 |   132 |   172 ||   394
       Vampiric Draining |       |     1 |    10 ||    11
       Control Undead    |       |       |     7 ||     7
Invok: Heroism           |       |       |     4 ||     4
Evoke: Wand              |       |       |     4 ||     4
  Use: Scroll            |     4 |     2 |     2 ||     8
 Stab: Sleeping          |       |       |     1 ||     1
Armor: Robe              |     7 |    29 |    86 ||   122
Dodge: Dodged            |    23 |    61 |   181 ||   265
